 Dungeon Crawl Stone Soup version 0.22-a0-448-g1fb7470 (webtiles) character file.

751 KristoblXynda the Slasher (level 7, 0/60 HPs)
             Began as a Naga Gladiator on June 4, 2018.
             Slain by a worm (7 damage)
             ... on level 4 of the Dungeon.
             The game lasted 00:10:59 (4145 turns).

KristoblXynda the Slasher (Naga Gladiator)          Turns: 4145, Time: 00:10:59

Health: 0/60       AC:  7    Str: 18    XL:     7   Next: 78%
Magic:  7/7        EV:  9    Int:  9    God:
Gold:   187        SH:  4    Dex: 12    Spells: 6/6 levels left

rFire    . . .     SeeInvis +   a - +0 long sword
rCold    . . .     Gourm    .   (no shield)
rNeg     . . .     Faith    .   u - +0 ring mail
rPois    +         Spirit   .   c - +1 helmet
rElec    .         Reflect  .   (no cloak)
rCorr    .         Harm     .   (no gloves)
MR       +....     Clarity  +   (no barding)
Stlth    ++........             (no amulet)
HPRegen  0.20/turn              (no ring)
MPRegen  0.10/turn              (no ring)

@: short of breath, very slow
A: large, large bone plates 1, see invisible, blink, clarity, deformed body,
magic resistance 1, poison resistance, slowness 2, slow metabolism 1, spit
poison 1, AC +2
a: Spit Poison, Blink


You were on level 4 of the Dungeon.
You were not hungry.

You visited 1 branch of the dungeon, and saw 4 of its levels.

You collected 187 gold pieces.

Inventory:

Hand Weapons
 a - a +0 long sword (weapon)
Missiles
 d - 2 throwing nets (quivered)
Armour
 c - a +1 helmet (worn)
 u - a +0 ring mail (worn)
Magical Staves
 y - an uncursed staff of air
Scrolls
 b - a scroll of noise {unknown}
 i - a scroll of amnesia {unknown}
 j - 3 scrolls of remove curse {unknown}
 k - a scroll of enchant armour
 n - a scroll of magic mapping {unknown}
 q - a scroll of immolation {unknown}
 r - 2 scrolls of blinking
 s - a scroll of fear {unknown}
 t - 2 scrolls of teleportation {unknown}
 v - a scroll of enchant weapon {unknown}
Potions
 e - a potion of cancellation
 g - a potion of resistance
 h - a potion of magic
 m - a potion of haste {unknown}
 p - 2 potions of flight
 x - a potion of brilliance
 z - a potion of invisibility
Comestibles
 f - 5 rations
 l - 4 chunks of flesh


   Skills:
 - Level 2.0 Fighting
 * Level 6.5 Long Blades
 - Level 2.0 Throwing
 + Level 3.0 Armour
 - Level 3.0 Dodging
 + Level 5.5 Stealth


You had 6 spell levels left.
You didn't know any spells.
Your spell library was empty.

Dungeon Overview and Level Annotations

Branches:
Dungeon (4/15)
 Temple: D:4-7

Altars:
Makhleb
Wu Jian

Annotations:
D:4 Natasha


Innate Abilities, Weirdness & Mutations

You cannot wear boots.
Your serpentine skin is tough. (AC +2)
You have supernaturally acute eyesight. (SInv)
Armour fits poorly on your strangely shaped body.
Your system is resistant to poisons. (rPois)
You cover ground very slowly.
You have a slow metabolism.
You can spit poison.
You are partially covered in large bone plates. (SH +4)
You can translocate small distances at will.
You possess an exceptional clarity of mind.
You are resistant to hostile enchantments. (MR+)


Message History

You slash the ogre!
The ogre is heavily wounded.
You block the worm's attack. The ogre hits you with a giant club!
You hit the ogre but do no damage.
The ogre is heavily wounded.
You block the worm's attack.
You barely miss the ogre.
The ogre is heavily wounded.
The ogre hits you with a giant club.
Okay, then.
You hit the ogre.
The ogre is severely wounded.
You have got your breath back.
The ogre barely misses you. The worm bites you.
Press: ? - help, Shift-Dir - straight line, p - ogre The splash of poison misses the ogre.
You feel slightly more hungry. The ogre hits you with a giant club!
* * * LOW HITPOINT WARNING * * *
The worm bites you!
You die...

..# ..+ ... ..# ... ..# ....
..###+##### ...(.
.)........#########.....
........................
.................w......
................@....... #
................O........#####..#
##.........................<ยง..#
#......................!......+
#.............................#
.'........######'#####'##.W....#
##........#.W...... .#......#
..........#......... #......#
..........'.......... +......#


You could see an ogre and a worm.

Vanquished Creatures
  3 phantoms (D:4)
  2 ogres (D:4)
  An orc priest (D:4)
  2 worker ants (D:4)
  Natasha (D:4)
  2 orc wizards
  A hound skeleton (D:2)
  5 adders
  An adder skeleton (D:4)
  5 worms
  2 dart slugs (D:2)
  3 leopard geckos
  7 orcs
  2 ball pythons
  2 giant cockroaches
  7 goblins
  7 hobgoblins
  4 jackals (D:1)
  A quokka (D:3)
  4 bats
  4 frilled lizards
  4 kobolds
  2 quokka skeletons (D:4)
  5 rats
77 creatures vanquished.

Notes
Turn   | Place    | Note
-------+----------+-------------------------------------------
     0 | D:1      | KristoblXynda the Naga Gladiator began the quest for the Orb.
     0 | D:1      | Reached XP level 1. HP: 19/19 MP: 1/1
   207 | D:1      | Reached XP level 2. HP: 12/26 MP: 2/2
   759 | D:1      | Reached XP level 3. HP: 24/32 MP: 3/3
  1178 | D:2      | Reached skill level 4 in Long Blades
  1178 | D:2      | Reached skill level 1 in Armour
  1205 | D:2      | Reached XP level 4. HP: 26/39 MP: 4/4
  1759 | D:3      | Reached skill level 1 in Stealth
  1919 | D:3      | Reached XP level 5. HP: 33/45 MP: 5/5
  2349 | D:3      | Found an ornate altar of the Wu Jian Council.
  2349 | D:3      | Found a burning altar of Makhleb.
  2729 | D:4      | Noticed a phantom
  2857 | D:4      | Noticed an ogre
  2872 | D:4      | Killed an ogre
  2872 | D:4      | Reached skill level 5 in Long Blades
  2872 | D:4      | Reached XP level 6. HP: 29/52 MP: 6/6
  2878 | D:4      | HP: 1/52 [worker ant (7)]
  3158 | D:4      | Noticed a phantom
  3175 | D:4      | Noticed Natasha
  3191 | D:4      | Killed Natasha
  3224 | D:4      | Killed a phantom
  3525 | D:4      | Noticed a phantom
  3578 | D:4      | Killed a phantom
  3578 | D:4      | Reached XP level 7. HP: 23/60 MP: 7/7
  3835 | D:4      | Reached skill level 6 in Long Blades
  3959 | D:4      | Reached skill level 5 in Stealth
  4020 | D:4      | Gained mutation: You possess an exceptional clarity of mind. [potion of mutation]
  4020 | D:4      | Gained mutation: You are partially covered in large bone plates. (SH +4) [potion of mutation]
  4020 | D:4      | Gained mutation: You are resistant to hostile enchantments. (MR+) [potion of mutation]
  4020 | D:4      | Gained mutation: You can translocate small distances at will. [potion of mutation]
  4140 | D:4      | Noticed Natasha
  4145 | D:4      | Slain by a worm

Vault maps used:
D:1:      shiori_arrival_oz, minmay_misc_feat_diagonals, minmay_strange_pillars,
          minmay_ruptured
D:2:      first_ration
D:3:      gammafunk_temple_overflow_statue
D:4:      bloody_trog, chequers_temple_overflow_statue_of_worship, serial_shops,
          kennysheep_little_box, uniq_natasha

Skill      XL: |  1  2  3  4  5  6  7 |
---------------+----------------------+-----
Throwing       | 2 |  2.0
Long Blades    | 4 5 6 |  6.5
Armour         | 1 2 3 |  3.0
Stealth        | 1 3 4 5 |  5.5
Dodging        | 3 |  3.0
Fighting       | |  2.0

Action                   |  1- 3 |  4- 6 |  7- 9 || total
-------------------------+-------+-------+-------++-------
Melee: Long sword        |    81 |   184 |    60 ||   325
Throw: Throwing net      |       |     1 |       ||     1
 Abil: Spit Poison       |     5 |    10 |     8 ||    23
  Use: Scroll            |       |     8 |     1 ||     9
       Potion            |       |     6 |     1 ||     7
 Stab: Held in net/web   |       |     1 |       ||     1
  Eat: Chunk             |     1 |     3 |       ||     4
       Ration            |       |     1 |     1 ||     2
Armor: Leather armour    |    28 |     1 |       ||    29
       Ring mail         |       |    71 |    19 ||    90
       Skin              |       |     2 |       ||     2
Dodge: Dodged            |    48 |    88 |    23 ||   159
Block: Other             |       |       |     6 ||     6
       Rpst.: Long sword |    11 |    25 |     5 ||    41

Table legend:
 A = Spawn XP
 B = Non-spawn XP
 C = Spawn XP percentage of total XP
 D = Spawn monster count
 E = Non-spawn monster count
 F = Spawn count percentage of total count
 G = Total turns spent on level
                    A         B        C        D         E        F      G
               +---------+---------+-------+---------+---------+-------+---------
         Total |       0 |    1074 |   0.0 |       0 |      77 |   0.0 |  4145
               +---------+---------+-------+---------+---------+-------+---------
           D:1 |       0 |      36 |   0.0 |       0 |      21 |   0.0 |   920
           D:2 |       0 |      71 |   0.0 |       0 |      19 |   0.0 |   802
           D:3 |       0 |     102 |   0.0 |       0 |      18 |   0.0 |  1046
           D:4 |       0 |     865 |   0.0 |       0 |      19 |   0.0 |  1377
               +---------+---------+-------+---------+---------+-------+---------
